[Event "Kvibergspelen 2022"]
[Site "Kviberg Park Hotel & Conference, Krutvagen 2, Gothenburg, Sweden"]
[Date "2022.10.01"]
[Round "6.17"]
[White "Johannesson, Oliver"]
[Black "Kashwan, Hassan"]
[Result "1-0"]
[TimeControl "15 minutes + 5 seconds per move from move one (Round 1 - 4) / 90 minutes + 30 seconds per move from move one (Round 5 - 8)"]
[WhiteTitle "FM"]
[WhiteFideId "2305623"]
[BlackFideId "137122555"]
[WhiteElo "2205"]
[BlackElo "1902"]

1. d4 Nf6 2. c4 g6 3. Nc3 Bg7 4.
Nf3 d6 5. Bg5 O-O 6. e3 c5 7. d5 Bg4 8. Be2 Nbd7 9. O-O a6 10. a4 h6 11. Bh4 Rb8 12. Nd2 Bxe2 13. Qxe2 Re8 14.
e4 Qc7 15. f4 Nf8 16. Rae1 Qd7 17. e5 N6h7 18. e6 fxe6 19. dxe6 Qc6 20. Nd5 Nf6 21. Bxf6 exf6 22. e7 Nd7 23.
Qe6+ Kh7 24. Ne4 Qxa4 25. Qxd7 Qxd7 26. Nexf6+ Kh8 27. Nxd7 Bd4+ 28. Kh1 Rbc8 29. N7f6 Bxf6 30. Nxf6 Kg7 31.
Nxe8+ Rxe8 32. f5 b5 33. cxb5 axb5 34. fxg6 c4 35. Rf7+ b4 1-0

[Event "Kvibergspelen 2022"]
[Site "Kviberg Park Hotel & Conference, Krutvagen 2, Gothenburg, Sweden"]
[Date "2022.10.01"]
[Round "6.18"]
[White "Salholm, Soren"]
[Black "Nygren, David"]
[Result "0-1"]
[TimeControl "15 minutes + 5 seconds per move from move one (Round 1 - 4) / 90 minutes + 30 seconds per move from move one (Round 5 - 8)"]
[WhiteFideId "1722824"]
[BlackFideId "1704761"]
[WhiteElo "1901"]
[BlackElo "2165"]

1. e4 e6 2. d4 d5 3. Nd2 c5 4. dxc5 Bxc5 5. exd5 exd5 6. Ngf3 Nc6 7. Nb3 Bb6 8. Be2 Nf6 9. O-O h6 10.
c3 O-O 11. h3 Qd6 12. Nbd4 a6 13. Be3 Bc7 14. Qd3 Ne4 15. Rad1 Qg6 16. Nh4 Qf6 17. Ndf3 Be6 18. g4 Ne5 19. Qc2 Rad8 20. c4 Rc8 21. Bd4 Nxf3+ 22. Nxf3 Qg6 23. Nh4 Qg5 24. Nf3 Qe7 25.
Bd3 f5 26. Bxe4 dxe4 27. Ne5 Qh4 28.
f4 Bxe5 29. Bxe5 Qxh3 30. gxf5 Bxf5 31. Qg2 Qxg2+ 32. Kxg2 Rxc4 33. Kg3 Rc6 34. Kf2 Rfc8 35. Rg1 g6 0-1

[Event "Kvibergspelen 2022"]
[Site "Kviberg Park Hotel & Conference, Krutvagen 2, Gothenburg, Sweden"]
[Date "2022.10.01"]
[Round "6.19"]
[White "Borvander, Tom"]
[Black "Frost, Niklas"]
[Result "1-0"]
[TimeControl "15 minutes + 5 seconds per move from move one (Round 1 - 4) / 90 minutes + 30 seconds per move from move one (Round 5 - 8)"]
[WhiteFideId "1707388"]
[BlackFideId "1717235"]
[WhiteElo "2098"]
[BlackElo "1843"]

1. d4 d6 2. Nf3 Nf6 3.
c4 g6 4. g3 Bg7 5. Bg2 O-O 6.
Nc3 Ng4 7. h3 Nf6 8. O-O c6 9. e4 Nfd7 10. Re1 e5 11. Be3 f5 12. Qd2 Nb6 13. b3 fxe4 14. Nxe4 d5 15.
cxd5 cxd5 16. Nc5 e4 17. Ne5 Qe7 18. Bg5 Bf6 19. Bxf6 Qxf6 20. Rac1 N8d7 21. Ng4 Qd6 22. a4 Nf6 23. Nxf6+ Qxf6 24. Rc3 a5 25.
f3 exf3 26. Rxf3 Qd6 27. Rxf8+ Qxf8 28. Qg5 Bf5 29. g4 h6 30. Qe3 Bc2 31. Qe6+ 1-0

[Event "Kvibergspelen 2022"]
[Site "Kviberg Park Hotel & Conference, Krutvagen 2, Gothenburg, Sweden"]
[Date "2022.10.02"]
[Round "7.1"]
[White "Hillarp, Tiger"]
[Black "Agdestein, Simen"]
[Result "1/2-1/2"]
[TimeControl "15 minutes + 5 seconds per move from move one (Round 1 - 4) / 90 minutes + 30 seconds per move from move one (Round 5 - 8)"]
[WhiteTitle "GM"]
[BlackTitle "GM"]
[WhiteFideId "1700812"]
[BlackFideId "1500015"]
[WhiteElo "2511"]
[BlackElo "2576"]

1. d4 d5 2. c4 e6 3. Nf3 c6 4. Bg5 Be7 5. Bxe7 Qxe7 6. Qc2 Nf6 7. e3 O-O 8. Nc3 Nbd7 9. Rd1 Re8 10.
Be2 dxc4 11. Bxc4 b5 12. Be2 Bb7 13. O-O 1/2-1/2

[Event "Kvibergspelen 2022"]
[Site "Kviberg Park Hotel & Conference, Krutvagen 2, Gothenburg, Sweden"]
[Date "2022.10.02"]
[Round "7.2"]
[White "Kucuksari, Kaan"]
[Black "Mitusov, Semen"]
[Result "1-0"]
[TimeControl "15 minutes + 5 seconds per move from move one (Round 1 - 4) / 90 minutes + 30 seconds per move from move one (Round 5 - 8)"]
[WhiteTitle "FM"]
[BlackTitle "FM"]
[WhiteFideId "6380166"]
[BlackFideId "14151049"]
[WhiteElo "2482"]
[BlackElo "2418"]

1. d4 d5 2. Nf3 Nf6 3. e3 c5 4. c3 Nc6 5. dxc5 e6 6. b4 a5 7. Bb5 axb4 8. cxb4 Bd7 9. Qb3 Ne4 10.
a4 b6 11. Bxc6 Bxc6 12. Nd4 Rc8 13. a5 bxc5 14. Nxc6 Rxc6 15. Qa4 Qd7 16. b5 Rc8 17. a6 Bd6 18. b6 Qxa4 19. Rxa4 Kd7 20.
b7 Rc7 21. Nd2 Kc6 22. Nxe4 dxe4 23. Bd2 Rd7 24. Ke2 Kb6 25. a7 1-0

[Event "Kvibergspelen 2022"]
[Site "Kviberg Park Hotel & Conference, Krutvagen 2, Gothenburg, Sweden"]
[Date "2022.10.02"]
[Round "7.3"]
[White "Stefansson, Vignir Vatnar"]
[Black "Olsson, William"]
[Result "1-0"]
[TimeControl "15 minutes + 5 seconds per move from move one (Round 1 - 4) / 90 minutes + 30 seconds per move from move one (Round 5 - 8)"]
[WhiteTitle "IM"]
[BlackTitle "FM"]
[WhiteFideId "2308649"]
[BlackFideId "1741721"]
[WhiteElo "2452"]
[BlackElo "2288"]

1. b3 d5 2. Bb2 Nf6 3. Nf3 c5 4. g3 Nc6 5. Bg2 e6 6. O-O Bd6 7. d4 cxd4 8. Nxd4 O-O 9. c4 Nxd4 10.
Qxd4 e5 11. Qd1 dxc4 12. Nd2 Be6 13. Nxc4 Bxc4 14. bxc4 Rc8 15. Qa4 Qc7 16. Qxa7 Ra8 17. Qe3 Qxc4 18. Qb3 Qxe2 19. Bf3 Qd2 20.
Rfd1 Qb4 21. Qxb4 Bxb4 22. Bxe5 Ra5 23. Bd4 b5 24. Rab1 Be7 25. Rb2 Rc8 26. Re1 Bd6 27. Kg2 h6 28.
Rd1 Bf8 29. Bxf6 gxf6 30. Rd7 Re8 31. Rc2 Be7 32. Rcc7 Kf8 33. Bd5 b4 34. Kf3 Rb5 35. Kg4 Rbb8 36. Kh5 Rbd8 37. Rxd8 Rxd8 38.
Bb3 Rd2 39. Kxh6 Rxf2 40. Rc8+ Bd8 41. Rxd8+ Ke7 42. Rd3 1-0

[Event "Kvibergspelen 2022"]
[Site "Kviberg Park Hotel & Conference, Krutvagen 2, Gothenburg, Sweden"]
[Date "2022.10.02"]
[Round "7.4"]
[White "Mohammadi, Amir"]
[Black "Hector, Jonny"]
[Result "0-1"]
[TimeControl "15 minutes + 5 seconds per move from move one (Round 1 - 4) / 90 minutes + 30 seconds per move from move one (Round 5 - 8)"]
[BlackTitle "GM"]
[WhiteFideId "1705890"]
[BlackFideId "1700090"]
[WhiteElo "2294"]
[BlackElo "2454"]

1. g3 e5 2. Bg2 d5 3. d3 Nc6 4. Nf3 f5 5. O-O Nf6 6. Bg5 h6 7. Bxf6 Qxf6 8. Nc3 d4 9. Nd5 Qf7 10.
e4 dxe3 11. Nxe3 Be6 12. Nc4 Bxc4 13. dxc4 e4 14. Nh4 Rd8 15. Qe1 Be7 16. f3 g5 17. fxe4 gxh4 18. Rxf5 Qxc4 19. Bf3 Rd7 20.
c3 hxg3 21. hxg3 Rf8 22. Bh5+ Kd8 23. b3 Qg8 24. Rd1 Rxd1 25. Qxd1+ Bd6 26. g4 Kc8 27. c4 Qg7 28. Qf1 Qd4+ 0-1

[Event "Kvibergspelen 2022"]
[Site "Kviberg Park Hotel & Conference, Krutvagen 2, Gothenburg, Sweden"]
[Date "2022.10.02"]
[Round "7.5"]
[White "Golubka, Petro"]
[Black "Hamark, Jesper"]
[Result "1-0"]
[TimeControl "15 minutes + 5 seconds per move from move one (Round 1 - 4) / 90 minutes + 30 seconds per move from move one (Round 5 - 8)"]
[WhiteTitle "GM"]
[WhiteFideId "14114224"]
[BlackFideId "1704338"]
[WhiteElo "2360"]
[BlackElo "2348"]

1. d4 d6 2. Bf4 g6 3. e4 Bg7 4. c3 Nd7 5. Bc4 e5 6. dxe5 Nxe5 7. Bb3 Qe7 8. Qe2 f5 9. Nd2 Nf6 10.
Bg5 Bd7 11. O-O-O O-O-O 12. f4 Nc6 13. exf5 Qxe2 14. Nxe2 Bxf5 15. Rhe1 Rde8 16. h3 Ne4 17. Nxe4 Bxe4 18. Bf7 Ref8 19.
Be6+ Kb8 20. Ng1 Bf5 21. Bd5 Bd7 22.
Ne2 a5 23. Kd2 b5 24. Rf1 b4 25. Bh4 Rf5 26. Be4 Rf7 27. Bd5 Rf5 28. Be4 Rf7 29. a3 Re8 30. Bf3 Kc8 31. axb4 axb4 32.
Ra1 Rf5 33. Bf2 Rb5 34. Ra8+ Rb8 35. Rfa1 Rxa8 36. Rxa8+ Kb7 37. Ra7+ Kb8 38. Ra4 bxc3+ 39. Nxc3 Rf8 40. Nd5 Nd8 41. Rb4+ 1-0

[Event "Kvibergspelen 2022"]
[Site "Kviberg Park Hotel & Conference, Krutvagen 2, Gothenburg, Sweden"]
[Date "2022.10.02"]
[Round "7.6"]
[White "Rasti, Arvin"]
[Black "Bohman Karlholm, Adrian"]
[Result "1-0"]
[TimeControl "15 minutes + 5 seconds per move from move one (Round 1 - 4) / 90 minutes + 30 seconds per move from move one (Round 5 - 8)"]
[WhiteFideId "1741160"]
[BlackFideId "1720643"]
[WhiteElo "2186"]
[BlackElo "2117"]

1. e4 c5 2. Nf3 d6 3. Bb5+ Nd7 4. O-O a6 5. Bd3 Ngf6 6. Re1 e6 7. c3 b5 8. a4 c4 9. Bf1 Bb7 10.
axb5 axb5 11. Rxa8 Qxa8 12. d3 cxd3 13. Bxd3 Bxe4 14. Bxe4 Nxe4 15. Na3 b4 16. cxb4 d5 17. Qd4 Qa4 18.
b5 Qxd4 19. Nxd4 Bc5 20. Be3 O-O 21. Nc6 Ra8 22. Rc1 Bxe3 23. fxe3 Nb6 24. Ne5 Rc8 25. Rc6 Rxc6 26. bxc6 Kf8 27.
Nb5 Ke7 28. Kf1 f6 29. Nd3 Nd6 30. Nc7 Ne8 31. Nxe8 Kxe8 32. Nc5 Ke7 33. Ke2 Kd6 34. b4 e5 35. c7 g6 36. Na6 Kc6 37.
Kd3 Kb7 38. b5 Na8 39. e4 d4 40. Kc4 Nxc7 41. Nc5+ Kc8 42. b6 Ne8 43. Kd5 d3 44. Kc6 Nd6 45. Kxd6 d2 46. Kc6 d1=Q 47.
b7+ 1-0

[Event "Kvibergspelen 2022"]
[Site "Kviberg Park Hotel & Conference, Krutvagen 2, Gothenburg, Sweden"]
[Date "2022.10.02"]
[Round "7.7"]
[White "Johannsson, Birkir Isak"]
[Black "Abdrlauf, Elham"]
[Result "0-1"]
[TimeControl "15 minutes + 5 seconds per move from move one (Round 1 - 4) / 90 minutes + 30 seconds per move from move one (Round 5 - 8)"]
[BlackTitle "IM"]
[WhiteFideId "2314673"]
[BlackFideId "1533533"]
[WhiteElo "2165"]
[BlackElo "2487"]

1. c4 e5 2. Nc3 Nf6 3. Nf3 e4 4. Ng5 c6 5. Qa4 d5 6. cxd5 b5 7. Qc2 cxd5 8. Nxb5 Na6 9. Qc6+ Qd7 10.
Qxa8 Bc5 11. g3 Ng4 12. e3 O-O 13. Be2 Bb7 14. Bxg4 Qxb5 15. Qxf8+ Bxf8 16. Be2 Qd7 17. h4 Nb4 18.
Kf1 d4 19. Kg2 Nc2 20. Rb1 d3 21. Bd1 Bd5 22. b3 h6 23. Nh3 Be6 24. Nf4 Bg4 25. Bb2 Bd6 26. Bc3 Bxf4 27. exf4 Be2 28.
Rc1 Qg4 29. Bxe2 dxe2 30. Rhe1 Qf3+ 31. Kg1 Nxe1 32. Rxe1 Qd3 33. Kh2 Kh7 34. a4 Kg6 35. b4 Kf5 36. Kh3 Qc2 0-1

[Event "Kvibergspelen 2022"]
[Site "Kviberg Park Hotel & Conference, Krutvagen 2, Gothenburg, Sweden"]
[Date "2022.10.02"]
[Round "7.9"]
[White "Burwick, Malte"]
[Black "Strom-Engdahl, Alexander"]
[Result "1-0"]
[TimeControl "15 minutes + 5 seconds per move from move one (Round 1 - 4) / 90 minutes + 30 seconds per move from move one (Round 5 - 8)"]
[WhiteFideId "1702475"]
[BlackFideId "1741586"]
[WhiteElo "2225"]
[BlackElo "2114"]

1. Nf3 d5 2. d4 Nf6 3. e3 e6 4. Bd3 c5 5. c3 Nc6 6. Nbd2 Be7 7. O-O O-O 8. Ne5 Qc7 9. f4 b6 10.
Rf3 Bb7 11. Rh3 g6 12. Qf3 Nxe5 13. fxe5 Ne4 14. Nxe4 dxe4 15. Bxe4 Bxe4 16. Qxe4 Qd7 17. Qd3 f6 18. exf6 Bxf6 19.
Rf3 Rad8 20. b3 e5 21. Ba3 Rf7 22. Qc4 Kg7 23. dxc5 bxc5 24. Bxc5 Qd3 25. Qxd3 Rxd3 26. e4 Rxf3 27.
gxf3 Rd7 28. Rc1 Bg5 29. Rc2 a6 30. b4 Kh6 31. a4 Kh5 32. b5 axb5 33. axb5 Kh4 34. Kg2 Bd8 35. c4 1-0

[Event "Kvibergspelen 2022"]
[Site "Kviberg Park Hotel & Conference, Krutvagen 2, Gothenburg, Sweden"]
[Date "2022.10.02"]
[Round "7.10"]
[White "Fridgeirsson, Dagur Andri"]
[Black "Johannesson, Oliver"]
[Result "1/2-1/2"]
[TimeControl "15 minutes + 5 seconds per move from move one (Round 1 - 4) / 90 minutes + 30 seconds per move from move one (Round 5 - 8)"]
[BlackTitle "FM"]
[WhiteFideId "2303124"]
[BlackFideId "2305623"]
[WhiteElo "1943"]
[BlackElo "2205"]

1. d4 d5 2. c4 c6 3. cxd5 cxd5 4. Nc3 Nf6 5. Nf3 Nc6 6. Bf4 a6 7. e3 Bf5 8. a3 e6 9. Bd3 Bxd3 10.
Qxd3 Bd6 11. O-O O-O 12. Bg3 Bxg3 13. hxg3 Rc8 14. Rac1 b5 1/2-1/2

[Event "Kvibergspelen 2022"]
[Site "Kviberg Park Hotel & Conference, Krutvagen 2, Gothenburg, Sweden"]
[Date "2022.10.02"]
[Round "7.11"]
[White "Nygren, David"]
[Black "Dingertz, Erik"]
[Result "1/2-1/2"]
[TimeControl "15 minutes + 5 seconds per move from move one (Round 1 - 4) / 90 minutes + 30 seconds per move from move one (Round 5 - 8)"]
[WhiteFideId "1704761"]
[BlackFideId "1741578"]
[WhiteElo "2165"]
[BlackElo "2001"]

1. e4 e5 2. Nf3 Nc6 3. Bb5 a6 4. Ba4 Nf6 5. d4 Nxe4 6. Qe2 b5 7. dxe5 Nc5 8. Bb3 Nxb3 9. axb3 Bb4+ 10.
Bd2 Bxd2+ 11. Nbxd2 O-O 12. O-O-O f6 13. exf6 Qxf6 14. Ne4 Qh6+ 15. Kb1 d6 16. Qd3 Bd7 17. Rhe1 Rae8 18. Qc3 Qg6 19.
Ng3 Qf7 20. Rxe8 Rxe8 21. Re1 h6 22. Re3 Qd5 23. Rd3 Qf7 24. Qd2 a5 25. Re3 Rxe3 26. Qxe3 Qd5 27. Qd2 Be6 28. Ne2 Qxd2 29.
Nxd2 Kf7 30. Kc1 g5 31. Nf1 Ne5 32. Ne3 c5 33. f4 Ng4 34. Nxg4 Bxg4 35. Kd2 Bd7 36. Ke3 Kf6 37. Nc3 gxf4+ 38. Kxf4 Bc6 39. Ne4+ Ke6 40. g4 Be8 41. h4 Bg6 42. c3 b4 43. cxb4 cxb4 44. Nd2 Bc2 45. Ke3 Bd1 46. g5 hxg5 47.
hxg5 Kf5 48. Kd4 a4 49. bxa4 Bxa4 50. Ne4 Bc2 51. Nxd6+ Kxg5 52. Kc4 b3 53. Nb5 Kf5 54. Nd4+ Ke5 55.
Nxb3 Kd6 56. Nd4 Bb1 57. b4 Kc7 58. Kc5 Bd3 59. Nb3 Kb7 60. Na5+ Ka6 61. Nc6 Kb7 62. Ne5 1/2-1/2

[Event "Kvibergspelen 2022"]
[Site "Kviberg Park Hotel & Conference, Krutvagen 2, Gothenburg, Sweden"]
[Date "2022.10.02"]
[Round "7.12"]
[White "Heidarsson, Arnar Milutin"]
[Black "Lindahl, Jonas"]
[Result "0-1"]
[TimeControl "15 minutes + 5 seconds per move from move one (Round 1 - 4) / 90 minutes + 30 seconds per move from move one (Round 5 - 8)"]
[WhiteFideId "2312875"]
[BlackFideId "1710060"]
[WhiteElo "2020"]
[BlackElo "2165"]

1. d4 g6 2. e4 Bg7 3. Be3 c5 4. c3 Nf6 5. Nd2 cxd4 6. cxd4 O-O 7. h3 b6 8. Bd3 Bb7 9. Ne2 d6 10.
O-O e5 11. d5 Ne8 12. Qc2 Na6 13. a3 Nc5 14. b4 Nxd3 15. Qxd3 f5 16. f3 f4 17. Bf2 h5 18. b5 g5 19.
g4 fxg3 20. Nxg3 Bc8 21. Kg2 Qf6 22. Be3 Qg6 23. a4 Rf4 24. Ne2 g4 25. fxg4 Rxf1 26. Rxf1 hxg4 27. h4 Nf6 28. Ng3 Nh5 29.
Nc4 Bd7 30. Nxh5 Qxh5 31. Bxb6 Qxh4 32. Bf2 g3 33. Bxg3 Bh3+ 34. Kg1 Bxf1 35. Kxf1 Qh1+ 36. Ke2 Rf8 37. Nd2 Bh6 38. Nf3 Qa1 39.
Qb3 Rc8 40. Be1 Qc1 41. b6 axb6 42. Bd2 Bxd2 43. Nxd2 Rc2 44. Qg3+ Kf8 45. Qf2+ Ke8 46. Qe3 Kd7 47. Qd3 Kc7 48.
Qe3 Kb7 49. Qd3 Rb2 50. Qe3 Qc2 51. Qd3 Qxd3+ 52. Kxd3 Ra2 0-1

[Event "Kvibergspelen 2022"]
[Site "Kviberg Park Hotel & Conference, Krutvagen 2, Gothenburg, Sweden"]
[Date "2022.10.02"]
[Round "7.13"]
[White "Jakenberg, Jussi"]
[Black "Kleimark, Anders"]
[Result "1-0"]
[TimeControl "15 minutes + 5 seconds per move from move one (Round 1 - 4) / 90 minutes + 30 seconds per move from move one (Round 5 - 8)"]
[WhiteFideId "1710931"]
[BlackFideId "1709968"]
[WhiteElo "2114"]
[BlackElo "1976"]

1. d4 Nf6 2. Nf3 e6 3. g3 d5 4. Bg2 Be7 5. O-O O-O 6. c4 dxc4 7. Qc2 a6 8. a4 Bd7 9. Rd1 Bc6 10.
Nc3 Nd5 11. e4 Nxc3 12. bxc3 b5 13. Ne5 Bb7 14. Rb1 f6 15. Nxc4 c6 16. Bf4 Bc8 17. Nb2 Nd7 18. Bh3 Nb6 19.
a5 Nc4 20. Nxc4 bxc4 21. Qa4 f5 22. exf5 exf5 23. Qxc4+ Qd5 24. Qxd5+ cxd5 25. Bg2 Rd8 26. c4 Be6 27. Re1 Kf7 28.
Rb6 Ra7 29. Rbxe6 dxc4 30. Rxe7+ Rxe7 31. Rxe7+ Kxe7 32. Bg5+ Kd7 33. Bxd8 Kxd8 34. Kf1 Ke7 35. Ke2 Kd6 36. f4 g6 37.
Kd2 h6 38. Kc3 g5 39. Kxc4 g4 40. d5 h5 41. Kd4 Kc7 42. Kc5 Kd7 43. Bf1 Kc7 44. Bxa6 Kb8 45. Kb6 1-0

[Event "Kvibergspelen 2022"]
[Site "Kviberg Park Hotel & Conference, Krutvagen 2, Gothenburg, Sweden"]
[Date "2022.10.02"]
[Round "7.14"]
[White "Nilsson, Oliver"]
[Black "Borvander, Tom"]
[Result "1/2-1/2"]
[TimeControl "15 minutes + 5 seconds per move from move one (Round 1 - 4) / 90 minutes + 30 seconds per move from move one (Round 5 - 8)"]
[WhiteFideId "1730177"]
[BlackFideId "1707388"]
[WhiteElo "1909"]
[BlackElo "2098"]

1. e4 e5 2. Nf3 Nc6 3. Bc4 Nf6 4. Ng5 d5 5. exd5 Na5 6. Bb5+ c6 7. dxc6 bxc6 8. Bd3 Ng4 9. Ne4 f5 10.
Be2 h5 11. h3 fxe4 12. hxg4 Bc5 13. Nc3 Qd4 14. O-O O-O 15. Qe1 hxg4 16. d3 g3 17. Nxe4 gxf2+ 18. Rxf2 Bb6 19. Bf1 Bf5 20.
c3 Qd7 21. Be3 Nb7 22. Bxb6 axb6 23. d4 exd4 24. Bc4+ Be6 25. Bxe6+ Qxe6 26. Re2 d3 27. Re3 Qd5 28. Rd1 Nc5 29.
Nxc5 Qxc5 30. b4 Qc4 31. Rexd3 1/2-1/2

[Event "Kvibergspelen 2022"]
[Site "Kviberg Park Hotel & Conference, Krutvagen 2, Gothenburg, Sweden"]
[Date "2022.10.02"]
[Round "7.15"]
[White "Briem, Stephan"]
[Black "Radberg, John"]
[Result "1-0"]
[TimeControl "15 minutes + 5 seconds per move from move one (Round 1 - 4) / 90 minutes + 30 seconds per move from move one (Round 5 - 8)"]
[WhiteFideId "2312506"]
[BlackFideId "1720074"]
[WhiteElo "2083"]
[BlackElo "1909"]

1. d4 Nf6 2. c4 g6 3.
Nf3 Bg7 4. e3 O-O 5. Be2 d6 6. O-O c5 7. d5 e5 8. Nc3 Nbd7 9. a3 Ng4 10. Nd2 Nh6 11. Nb5 Qe7 12. Ne4 Nf5 13.
b4 a6 14. Nbc3 b6 15. Rb1 Nh6 16. Qa4 Nb8 17. bxc5 bxc5 18. Rb6 Rd8 19. Qb3 Qc7 20. Bd2 f5 21. Rb1 fxe4 22. Rxb8 Bf5 23.
Rxd8+ Qxd8 24. Qb6 Bf8 25. Qxd8 Rxd8 26. Rb6 Ra8 27. Rb7 g5 28. Bd1 Nf7 29. Bc2 Nd8 30. Rb6 Be7 31. Bxe4 Bc8 32.
f3 Kg7 33. g4 h6 34. Ne2 Nf7 35. Ng3 Bd8 36. Rb2 Ra7 37. Rb8 Bd7 38. Ba5 Kf6 39. Bxd8+ Nxd8 40. Rxd8 Rb7 41. Ra8 Rb6 42.
Ra7 Be8 43. Bf5 Bf7 44. Ne4+ Kg7 45. Be6 1-0

[Event "Kvibergspelen 2022"]
[Site "Kviberg Park Hotel & Conference, Krutvagen 2, Gothenburg, Sweden"]
[Date "2022.10.02"]
[Round "7.16"]
[White "Wesslen, Ulf"]
[Black "Svensson, Hakan"]
[Result "0-1"]
[TimeControl "15 minutes + 5 seconds per move from move one (Round 1 - 4) / 90 minutes + 30 seconds per move from move one (Round 5 - 8)"]
[WhiteFideId "1705199"]
[BlackFideId "1714201"]
[WhiteElo "1913"]
[BlackElo "2067"]

1. d4 d5 2. c4 e6 3. Nc3 c5 4. Nf3 Nf6 5. Bg5 cxd4 6. Nxd4 e5 7. Nc2 d4 8. Nd5 Be6 9. e4 Bxd5 10.
cxd5 Nbd7 11. Bd3 Be7 12. Bxf6 Bxf6 13. O-O O-O 14. b4 Rc8 15. Qe2 Rc3 16. a3 Qc7 17. Ra2 Rc8 18. Rb1 a6 19.
g3 Nb6 20. a4 Nc4 21. a5 Bg5 22. h4 Bh6 23. b5 Nd2 24. Rd1 Nb3 25. bxa6 bxa6 26. Kg2 Nc1 27. Rxc1 Bxc1 28. Nb4 Ba3 29.
Nc6 g6 30. Bxa6 Re8 31. Qb5 f5 32. Nxd4 Rb8 33. Qa4 exd4 34. Rxa3 Rxa3 35. Qxa3 fxe4 36. d6 Qc6 37. Qa2+ Kg7 38.
Qe6 e3+ 39. Kh2 Re8 0-1

[Event "Kvibergspelen 2022"]
[Site "Kviberg Park Hotel & Conference, Krutvagen 2, Gothenburg, Sweden"]
[Date "2022.10.02"]
[Round "7.17"]
[White "Grahn, Vidar"]
[Black "Persson, Sebastian"]
[Result "1-0"]
[TimeControl "15 minutes + 5 seconds per move from move one (Round 1 - 4) / 90 minutes + 30 seconds per move from move one (Round 5 - 8)"]
[WhiteFideId "1744780"]
[BlackFideId "1764187"]
[WhiteElo "2054"]
[BlackElo "1659"]

1. e4 c6 2. d4 d5 3. e5 Bf5 4. h4 h5 5. Bg5 Qb6 6. Bd3 Bxd3 7. Qxd3 e6 8. Nf3 Ne7 9. O-O Nf5 10.
b3 c5 11. c4 dxc4 12. Qxc4 Nc6 13. d5 exd5 14. Qxd5 Nb4 15. Qe4 g6 16. Nc3 Qc6 17. Qxc6+ bxc6 18. Ne4 Be7 19. Bxe7 Kxe7 20.
Rfc1 Nd4 21. Rxc5 Nxf3+ 22. gxf3 Nd3 23. Rxc6 Nxe5 24. Rc7+ Kd8 25. Rb7 Nxf3+ 26. Kg2 Nxh4+ 27. Kh3 Nf5 28.
Rd1+ Kc8 29. Rdd7 Rf8 30. Ng5 Nd6 31. Rbc7+ Kb8 32. Rc6 Nf5 33. Nxf7 a5 34. Rb6+ Kc8 35. Rbb7 Ra6 36. Rdc7# 1-0

[Event "Kvibergspelen 2022"]
[Site "Kviberg Park Hotel & Conference, Krutvagen 2, Gothenburg, Sweden"]
[Date "2022.10.02"]
[Round "7.18"]
[White "Hauksson, Hordur Aron"]
[Black "Tabaa, Ghayth"]
[Result "1-0"]
[TimeControl "15 minutes + 5 seconds per move from move one (Round 1 - 4) / 90 minutes + 30 seconds per move from move one (Round 5 - 8)"]
[WhiteFideId "2303680"]
[BlackFideId "7603819"]
[WhiteElo "1882"]
[BlackElo "2066"]

1. d4 d6 2. c4 e5 3. dxe5 dxe5 4. Qxd8+ Kxd8 5. Nf3 f6 6. Nc3 c6 7. e3 Bf5 8. Be2 Nd7 9. O-O Kc7 10.
b3 a5 11. Rd1 Nc5 12. Ba3 Nh6 13. Bxc5 Bxc5 14. Bd3 Bxd3 15. Rxd3 Rhd8 16. Rad1 Rxd3 17. Rxd3 a4 18. Rd1 axb3 19.
axb3 Ra3 20. Rb1 Nf5 21.
Ne1 Ra8 22. Nc2 Rd8 23. Rd1 Rxd1+ 24. Nxd1 b5 25. b4 Bf8 26. c5 Kd7 27. Nc3 Ne7 28. e4 g6 29. Kf1 Bh6 30. Ke2 f5 31. f3 Ng8 32. Ne3 Ke6 33. g4 fxg4 34. fxg4 Nf6 35.
h3 Bf4 36. Kd3 Bg3 37. Ne2 Be1 38. Nc2 Bh4 39. Ng1 h5 40. Nf3 hxg4 41. Nxh4 gxh3 42. Nf3 Nh7 43. Ne3 g5 44. Ng4 Nf6 1-0

[Event "Kvibergspelen 2022"]
[Site "Kviberg Park Hotel & Conference, Krutvagen 2, Gothenburg, Sweden"]
[Date "2022.10.02"]
[Round "7.19"]
[White "Ziegler, Nathalie"]
[Black "Lindholm, Gustav"]
[Result "0-1"]
[TimeControl "15 minutes + 5 seconds per move from move one (Round 1 - 4) / 90 minutes + 30 seconds per move from move one (Round 5 - 8)"]
[WhiteFideId "1715984"]
[BlackFideId "1736515"]
[WhiteElo "1790"]
[BlackElo "2026"]

1. e4 c5 2. Nf3 d6 3. d4 cxd4 4. Nxd4 a6 5. Nc3 Nf6 6. Be3 e5 7. Nf3 Be7 8. Be2 Qc7 9. h3 b5 10.
a3 Nbd7 11. O-O O-O 12. Nd2 Bb7 13. Bf3 Rad8 14. g4 Nb6 15. g5 Ne8 16. h4 f5 17. Qe2 fxe4 18. Bxe4 Bxe4 19. Ncxe4 d5 20.
Bxb6 Qxb6 21. Ng3 e4 22. Kg2 Rf4 23. Rh1 Bc5 24. Raf1 Nc7 25. Nb3 Rdf8 26. Nxc5 Qxc5 27. c3 Rf3 28.
Qd2 Ne6 29. Rh2 Nf4+ 30. Kh1 Nd3 31. b4 Qb6 32. Nh5 Qg6 33. Nxg7 Qxg7 34. h5 R8f4 35. g6 hxg6 36. hxg6 Qxg6 37. Qa2 Qf5 38. Rg1+ Kf7 39. c4 Nxf2+ 40. Kg2 Rg4+ 0-1